 Dungeon Crawl Stone Soup version 0.31-a0-222-gefeffbb62a (webtiles) character file.

Game seed: 11335189995905800184

814938 Shard1697 the Plane Roller (level 27, -2/260 (267) HPs)
             Began as an Armataur Fighter on July 5, 2023.
             Was a High Priest of Okawaru.
             Slain by a reaper
             ... wielding a +1 heavy scythe
             ... called by a doom hound
              (19 damage)
             ... on level 7 of Tartarus.
             The game lasted 02:56:52 (63390 turns).

Shard1697 the Plane Roller (Armataur Fighter)      Turns: 63390, Time: 02:56:53

HP:   -2/260 (267)  AC: 46    Str: 31      XL:     27
MP:   13/47         EV:  6    Int: 19      God:    Okawaru [*****.]
Gold: 9062          SH: 20    Dex: 10 (11) Spells: 23/49 levels left

rFire   + + .        b - +9 eveningstar (holy)
rCold   + . .        L - +1 kite shield "Daofit" {rF+ rN+ Str+3}
rNeg    + + +        k - +8 orange crystal plate armour {Archmagi, Int+3 Clar}
rPois   +            N - -2 hat of the Alchemist {rElec rPois rF+ rC+ rN+ Will+ rMut rCorr}
rElec   +            R - scarf of Itucymev {+Inv, Rampage rN+++ Str-4 Slay+2}
rCorr   +            U - +1 pair of gloves "Goed" {Regen+ Dex+3}
SInv    .            X - +3 barding of the Stag {rPois rCorr Int+6 Dex-4}
Will    ++...        D - amulet of Sif Muna's Fury {Reflect Will+ Regen+ SH+5} Stlth
                     C - ring "Abbece" {MP+9 AC+4}
HPRegen 2.23/turn    J - +4 ring of slaying
MPRegen 0.30/turn

%: reflection, clarity, resist mutation, roll, archmagi
@: lethally poisoned (-2 -> -8), slowed, wreathed by umbra, studying Axes,
lightly drained, weak-willed, very slow
A: large, rugged brown scales 3, deformed body, armoured tail, roll, long
tongue, awkward tongue, berserk 1, screaming 1
}: 7/15 runes: decaying, silver, golden, iron, obsidian, abyssal, gossamer
a: Renounce Religion, Evoke Invisibility, Heroism, Finesse, Duel


You were on level 7 of Tartarus.
You worshipped Okawaru.
Okawaru was extremely pleased with you.
You visited 14 branches of the dungeon, and saw 69 of its levels.
You visited the Abyss 2 times.
You also visited: Trove, Ossuary, Gauntlet, Ice Cave and Volcano.

You collected 12257 gold pieces.
You spent 3195 gold pieces at shops.

Inventory:

Hand Weapons
 a - the +7 eveningstar of the End {spect, rElec Will++ rCorr Dex-3}
   (You bought it in a shop on level 2 of the Orcish Mines)

   Dex:       It affects your dexterity (-3).
   rElec:     It insulates you from electricity.
   rCorr:     It protects you from acid and corrosion.
   Will:      It greatly increases your willpower.
 b - a +9 eveningstar of holy wrath (weapon)
 j - a +5 eveningstar of draining
Missiles
 W - 4 curare-tipped darts (quivered)
Armour
 k - the +8 orange crystal plate armour (worn) {Archmagi, Int+3 Clar}
   (Okawaru gifted it to you on level 4 of the Spider Nest)

   Int:       It affects your intelligence (+3).
   Clar:      It protects you from confusion, rage, mesmerisation and fear.
 l - a +2 cloak of willpower
 n - the orb of Dispater {+Damnation *Corrode AC+5}
   (You found it on level 7 of the Iron City of Dis)

   +Damnation: It grants the ability to hurl damnation at the cost of health and
   magic, with strength depending on Evocations skill.
   AC:        It affects your AC (+5).
   *Corrode:  It may corrode you when you take damage.
 z - the +2 hood of the Assassin {Detect Stab+ Stlth++}
   (You found it in a treasure trove)

   Detect:    It allows the wearer to sense nearby creatures.
   Stab+:     It allows the wearer to make particularly effective stabbing
   attacks against helpless or unaware enemies with any weapon.
   Stlth:     It makes you much more stealthy.
 L - the +1 kite shield "Daofit" (worn) {rF+ rN+ Str+3}
   (Okawaru gifted it to you in an ice cave)

   Str:       It affects your strength (+3).
   rF:        It protects you from fire.
   rN:        It protects you from negative energy.
 N - the -2 hat of the Alchemist (worn) {rElec rPois rF+ rC+ rN+ Will+ rMut rCorr}
   (You bought it in a shop on level 2 of the Orcish Mines)

   rF:        It protects you from fire.
   rC:        It protects you from cold.
   rElec:     It insulates you from electricity.
   rPois:     It protects you from poison.
   rN:        It protects you from negative energy.
   rCorr:     It protects you from acid and corrosion.
   rMut:      It protects you from mutation.
   Will:      It increases your willpower.
 P - the +7 tower shield of Mumblety Peg {rElec Str+3}
   (Okawaru gifted it to you on level 5 of the Vaults)

   Str:       It affects your strength (+3).
   rElec:     It insulates you from electricity.
 R - the scarf of Itucymev (worn) {+Inv, Rampage rN+++ Str-4 Slay+2}
   (Okawaru gifted it to you on level 3 of the Crypt)

   Str:       It affects your strength (-4).
   Slay:      It affects your accuracy & damage with ranged weapons and melee
   (+2).
   rN:        It renders you almost immune to negative energy.
   Rampage:   It bestows one free step when moving towards enemies.
 U - the +1 pair of gloves "Goed" (worn) {Regen+ Dex+3}
   (You bought it in a shop on level 2 of the Orcish Mines)

   Dex:       It affects your dexterity (+3).
   Regen:     It increases your rate of health regeneration.
 X - the +3 barding of the Stag (worn) {rPois rCorr Int+6 Dex-4}
   (Okawaru gifted it to you on level 2 of the Elven Halls)

   Int:       It affects your intelligence (+6).
   Dex:       It affects your dexterity (-4).
   rPois:     It protects you from poison.
   rCorr:     It protects you from acid and corrosion.
Jewellery
 w - the ring of Wall {rPois Str+5 Dex+2 SInv}
   (You found it on level 9 of the Dungeon)

   [ring of see invisible]

   Str:       It affects your strength (+5).
   Dex:       It affects your dexterity (+2).
   rPois:     It protects you from poison.
   SInv:      It lets you see invisible.
 C - the ring "Abbece" (left hand) {MP+9 AC+4}
   (You found it on level 3 of the Tomb of the Ancients)

   [ring of protection]

   AC:        It affects your AC (+4).
   MP:        It affects your magic capacity (+9).
 D - the amulet of Sif Muna's Fury (around neck) {Reflect Will+ Regen+ SH+5}
   (You found it in a treasure trove)

   [amulet of reflection]

   It reflects blocked missile attacks.
   Regen:     It increases your rate of health regeneration.
   SH:        It affects your SH (+5).
   Will:      It increases your willpower.
 G - a ring of flight
 J - a +4 ring of slaying (right hand)
 Q - the ring "Woenil" {rElec rF+ AC+4 Dex-3 SInv}
   (You found it on level 3 of the Tomb of the Ancients)

   [ring of protection]

   AC:        It affects your AC (+4).
   Dex:       It affects your dexterity (-3).
   rF:        It protects you from fire.
   rElec:     It insulates you from electricity.
   SInv:      It lets you see invisible.
 Y - the ring "Ynut" {rC+ rN+ Will+ Str+2}
   (You found it in a Gauntlet)

   [ring of protection from cold]

   Str:       It affects your strength (+2).
   rC:        It protects you from cold.
   rN:        It protects you from negative energy.
   Will:      It increases your willpower.
Wands
 h - a wand of digging (32)
 p - a wand of paralysis (98)
 M - a wand of mindburst (50)
 O - a wand of light (11)
Scrolls
 f - 11 scrolls of teleportation
 i - 20 scrolls of fear
 o - 12 scrolls of vulnerability
 y - 2 scrolls of fog
 A - 2 scrolls of revelation
 E - a scroll of amnesia
 H - 40 scrolls of identify
 S - 10 scrolls of blinking
 T - 3 scrolls of brand weapon
 Z - a scroll of enchant armour
Potions
 d - 2 potions of might
 e - 20 potions of curing
 g - 9 potions of enlightenment
 q - 4 potions of haste
 r - 3 potions of invisibility
 s - 2 potions of cancellation
 t - 5 potions of berserk rage
 v - 11 potions of lignification
 F - 11 potions of mutation
 I - 4 potions of resistance
 K - 6 potions of brilliance
Miscellaneous
 m - a phial of floods (inert)
 x - a figurine of a ziggurat
 V - a lightning rod (4/4)


   Skills:
 + Level 21.1 Fighting
 + Level 21.0 Maces & Flails
 - Level 10.1 Throwing
 + Level 20.2 Armour
 + Level 10.4 Dodging
 - Level 12.7 Stealth
 + Level 18.8 Shields
 - Level 11.6 Spellcasting
 O Level 27 Translocations
 - Level 11.6 Invocations
 - Level 12.2 Evocations


You had 23 spell levels left.
You knew the following spells:

 Your Spells              Type           Power      Damage    Failure   Level
a - Gell's Gravitas       Tloc           100%       N/A       0%          3
b - Blink                 Tloc           100%       N/A       0%          2
c - Lesser Beckoning      Tloc           100%       N/A       0%          2
d - Dispersal             Tloc           53%        N/A       1%          6
e - Disjunction           Tloc           53%        N/A       8%          8
f - Apportation           Tloc           100%       N/A       0%          1
t - Manifold Assault      Tloc           100%       N/A       0%          4

Your spell library contained the following spells:

 Spells                   Type           Power      Damage    Failure   Level
 Teleport Other           Tloc           100%       N/A       0%          3
 Momentum Strike          Conj/Tloc      100%       3d10      1%          2
 Portal Projectile        Hex/Tloc       100%       N/A       1%          3
 Volatile Blastmotes      Fire/Tloc      100%       2d18      1%          3
 Iskenderun's Mystic Bla  Conj/Tloc      76%        2d15      2%          4
 Beastly Appendage        Tmut           32%        N/A       58%         1
 Foxfire                  Conj/Fire      64%        2x1d7     58%         1
 Kiss of Death            Conj/Necr      64%        2d10      58%         1
 Magic Dart               Conj           64%        1d6       58%         1
 Necrotise                Necr           64%        1d7       58%         1
 Sandblast                Erth           32%        2d9       58%         1
 Shock                    Conj/Air       64%        1d7       58%         1
 Slow                     Hex            64%        N/A       58%         1
 Sting                    Tmut/Pois      64%        1d6       58%         1
 Cigotuvi's Dreadful Rot  Necr/Pois/Air  32%        N/A       73%         2
 Passwall                 Tmut/Erth      13%        N/A       73%         2
 Poisonous Vapours        Pois/Air       32%        N/A       73%         2
 Scorch                   Fire           32%        2d6       73%         2
 Searing Ray              Conj           32%        2d5       73%         2
 Sublimation of Blood     Necr           16%        N/A       73%         2
 Wereblood                Tmut           16%        N/A       73%         2
 Confusing Touch          Hex            16%        N/A       91%         3
 Frozen Ramparts          Ice            32%        1d5       91%         3
 Ignite Poison            Fire/Tmut/Pois 16%        N/A       91%         3
 Mephitic Cloud           Conj/Pois/Air  16%        N/A       91%         3
 Ozocubu's Armour         Ice            16%        N/A       91%         3
 Spider Form              Tmut/Pois      16%        N/A       91%         3
 Stone Arrow              Conj/Erth      32%        3d9       91%         3
 Swiftness                Air            16%        N/A       91%         3
 Vampiric Draining        Necr           16%        2d7       91%         3
 Airstrike                Air            8%         2d(2-18)  100%        4
 Cause Fear               Hex            8%         N/A       100%        4
 Dispel Undead            Necr           16%        3d10      100%        4
 Flame Wave               Conj/Fire      16%        2d7       100%        4
 Fulminant Prism          Conj/Hex       8%         3d6       100%        4
 Ice Form                 Ice/Tmut       16%        N/A       100%        4
 Leda's Liquefaction      Hex/Erth       8%         N/A       100%        4
 Petrify                  Tmut/Erth      16%        N/A       100%        4
 Sticky Flame             Conj/Fire      16%        2d4       100%        4
 Blade Hands              Tmut           8%         N/A       100%        5
 Borgnjor's Vile Clutch   Necr/Erth      8%         N/A       100%        5
 Fireball                 Conj/Fire      8%         3d6       100%        5
 Freezing Cloud           Conj/Ice/Air   8%         6-21      100%        5
 Irradiate                Conj/Tmut      8%         3d14      100%        5
 Iskenderun's Battlesphe  Conj           16%        2d7       100%        5
 Lee's Rapid Deconstruct  Erth           8%         3d7*      100%        5
 Metabolic Englaciation   Hex/Ice        8%         N/A       100%        5
 Yara's Violent Unravell  Hex/Tmut       8%         3d5       100%        5
 Conjure Ball Lightning   Conj/Air       8%         3x3d6     100%        6
 Eringya's Noxious Bog    Tmut/Pois      8%         N/A       100%        6
 Leda's Unmaking          Conj/Erth      8%         9d2       100%        6
 Plasma Beam              Fire/Air       8%         2x1d18    100%        6
 Starburst                Conj/Fire      8%         6d4       100%        6
 Statue Form              Tmut/Erth      10%        N/A       100%        6
 Dragon Form              Tmut           8%         N/A       100%        7
 Orb of Destruction       Conj           8%         9d6       100%        7
 Storm Form               Tmut/Air       8%         N/A       100%        7
 Discord                  Hex            8%         N/A       100%        8
 Ignition                 Fire           8%         3d5       100%        8
 Lehudib's Crystal Spear  Conj/Erth      8%         10d3      100%        8
 Summon Forest            Summ/Tloc      Unusable   N/A       N/A         5
 Summon Small Mammal      Summ           Unusable   N/A       N/A         1
 Call Imp                 Summ           Unusable   N/A       N/A         2
 Call Canine Familiar     Summ           Unusable   N/A       N/A         3
 Summon Guardian Golem    Hex/Summ       Unusable   N/A       N/A         3
 Summon Ice Beast         Ice/Summ       Unusable   N/A       N/A         4
 Death Channel            Necr           Unusable   N/A       N/A         6
 Simulacrum               Ice/Necr       Unusable   N/A       N/A         6
 Summon Cactus Giant      Summ           Unusable   N/A       N/A         6
 Spellforged Servitor     Conj/Summ      Unusable   N/A       N/A         7
 Summon Hydra             Summ           Unusable   N/A       N/A         7
 Infestation              Necr           Unusable   N/A       N/A         8
 Dragon's Call            Summ           Unusable   N/A       N/A         9

Dungeon Overview and Level Annotations

Branches:
Dungeon (15/15)            Temple (0/1) D:7            Lair (5/5) D:11
  Swamp (4/4) Lair:2       Spider (4/4) Lair:3        Slime (0/5) Lair:5
    Orc (2/2) D:12            Elf (3/3) Orc:2        Vaults (5/5) D:13
  Crypt (3/3) Vaults:3       Tomb (3/3) Crypt:3      Depths (3/4) D:15
   Hell (visited)             Dis (7/7) Hell            Geh (7/7) Hell
    Tar (7/7) Hell        Ossuary (visited)           IceCv (visited)
Volcano (visited)         Gauntlet (visited)
    Coc: Hell:1

Altars:
Ashenzari
Cheibriados
Dithmenos
Elyvilon
Hepliaklqana
Kikubaaqudgha
Nemelex Xobeh
Okawaru
Qazlal
Sif Muna
Trog
Uskayaw
Vehumet
Wu Jian
Xom
Yredelemnul
Zin
The Shining One
Jiyva

Shops:
D:11 !*   D:13 :?   Orc:2 [!(**[[   Elf:3 *   Vaults:5 =   Depths:1 !
Depths:2 :

Portals:
Hell: Depths:1 Depths:2 Depths:3
Abyss: Depths:1 Depths:3
Pandemonium: Depths:2
Ziggurat: Depths:3

Annotations:
D:10 1 runed translucent door
D:12 3 transporters
Spider:3 2 transporters
Spider:4 1 runed translucent door, ziggurnaut's ghost, adept DsTm


Innate Abilities, Weirdness & Mutations

You are completely covered in rugged brown scales. (AC +3, +7% HP)
Armour fits poorly on your strangely shaped body.
You have a long armoured tail.
You roll when moving toward enemies. (Rampage)
Your long tongue fully drains potion bottles. (2x potion effects)
Your tongue gives you trouble enunciating. (1.5x scroll delay)
You sometimes lose your temper in combat.
You occasionally shout uncontrollably at your foes.


Message History

You hear a shout! x2
You are engulfed in dark miasma.
You feel extremely sick. The putrid mouth throws miasma at you.
The foul vapour engulfs you but does no damage.
The putrid mouth throws miasma at you. The foul vapour engulfs you!
You are more poisoned.
* * * LOW HITPOINT WARNING * * *
You block the profane servitor's attack. x2
The reaper hits you but does no damage.
Really walk into that cloud of foul pestilence?
You are engulfed in dark miasma.
You are more poisoned.
You feel as though you will be slow longer.
* * * LOW HITPOINT WARNING * * *
You feel extremely sick.
The profane servitor hits you with a +1 whip.
* * * LOW HITPOINT WARNING * * *
The profane servitor hits you with a +1 whip.
* * * LOW HITPOINT WARNING * * *
You feel extremely sick.
The profane servitor hits you with a +1 whip.
* * * LOW HITPOINT WARNING * * *
The profane servitor hits you but does no damage.
The putrid mouth throws miasma at you. You block the reaper's attack.
The profane servitor hits you but does no damage.
You block the profane servitor's attack.
The reaper closely misses you.
There is a gateway leading out of Tartarus here.
You are engulfed in dark miasma.
* * * LOW HITPOINT WARNING * * *
You feel extremely sick.
The profane servitor hits you with a +1 whip!
* * * LOW HITPOINT WARNING * * *
You block the profane servitor's attack.
The profane servitor hits you but does no damage. x2
The reaper hits you from afar with a +1 heavy scythe!!
You die...

############### ################
################ ################
################
*********###################*****
,,,,,,,,,.......°...........,,,,,
,,,,,,,,,......°@°2.........,,,,,
,,,,,,,,,.....°°°AW.........,,,,,
,,,,,,,,,......°☼2..........,,,,,
,,,,,,,,,......°............,,,,,
,,,,,,,,,......☼............,,,,,
,,,,,,,,,......W............,,,,,
****,,,,,...................,,,,,
****,,,,,...................,,,,,
,,**,,,,,,...........#######*****


You could see a profane servitor, 2 reapers and 2 putrid mouths.

Vanquished Creatures
  Asmodeus (Geh:7)
  the Serpent of Hell (Geh:7)
  Dispater (Dis:7)
  2 dread liches (Tar:6)
  Khufu (Tomb:2)
  2 ancient liches (Tar:6)
  Mennas (Crypt:1)
  4 juggernauts
  11 royal mummies
  the Lernaean hydra (Swamp:4)
  Saint Roka (Vaults:4)
  Margery (Vaults:5)
  Geryon (Hell)
  The ghost of Futuid the Convoker, a veteran MfSu of Gozag (Depths:3)
  25 caustic shrikes
  7 golden dragons
  Jory (Crypt:1)
  6 doom hounds
  12 bone dragons
  4 profane servitors
  Arachne (Spider:3)
  12 Tzitzimimeh
  10 Brimstone Fiends
  9 hellephants
  6 iron giants
  Zenata (Vaults:4)
  24 Hell Sentinels
  2 walking earthen tomes
  3 walking crystal tomes (Depths:3)
  6 liches
  The ghost of Rinoumap the Peltast, an adept TrCK of Ru (Vaults:1)
  Asterion (Spider:3)
  3 tainted leviathans
  4 walking divine tomes
  4 deep elf blademasters
  4 titans
  A walking frostbound tome (Depths:3)
  14 searing wretches
  5 tentacled monstrosities
  4 quicksilver dragons
  3 deep elf master archers (Elf:3)
  Murray (Depths:1)
  21 sphinxes
  27 ancient champions
  Frances (D:13)
  Agnes (Spider:1)
  3 thorn hunters
  A tentacled starspawn (Abyss:1)
  7 storm dragons
  Donald (Spider:4)
  5 shadow dragons
  8 tengu reavers
  20 fire giants
  A fenstrider witch (Swamp:3)
  7 revenants
  11 iron dragons
  9 quicksilver elementals
  15 vault wardens
  5 emperor scorpions
  3 spectral caustic shrikes
  10 deep elf sorcerers
  18 balrugs
  A spectral juggernaut (Tar:6)
  A curse skull (Crypt:1)
  8 frost giants
  3 ghost moths
  Aizul (Swamp:1)
  14 ghouls
  A deep elf elementalist (Elf:3)
  9 reapers
  Louise (Depths:3)
  A juggernaut zombie (Crypt:3)
  22 very ugly things
  A cacodemon (Abyss:1)
  3 spriggan defenders
  2 broodmothers
  5 formless jellyfish
  An orc warlord (Orc:1)
  2 caustic shrike skeletons (Hell)
  24 war gargoyles
  7 ironbound thunderhulks
  22 ironbound preservers
  A stone giant (shapeshifter) (Vaults:5)
  13 stone giants
  13 deep elf annihilators
  3 vampire knights
  4 eleionomae
  A minotaur (Gauntlet)
  9 deep elf demonologists
  10 putrid mouths
  20 bennus
  2 bunyips
  5 spark wasps
  6 dire elephants
  Azrael (Spider:1)
  2 halazid warlocks (Tar:5)
  A green death (Depths:1)
  15 iron golems
  6 ettins
  A crystal guardian (Hell)
  A spectral quicksilver dragon (Tar:5)
  15 deep elf death magi
  21 mummy priests
  A fire dragon (shapeshifter) (Depths:3)
  14 eidola
  A quicksilver dragon zombie (Crypt:3)
  5 jiangshi
  8 fire dragons
  7 deep elf high priests
  7 entropy weavers
  Josephine (D:15)
  15 yaktaur captains
  4 great orbs of eyes
  6 rakshasas
  8 ice dragons
  3 spectral spriggans
  33 vault guards
  4 peacekeepers
  21 hydras
  2 jorogumos
  2 quicksilver dragon skeletons
  14 salamander tyrants
  5 ironbound frosthearts
  5 ghost crabs
  2 catoblepae
  5 spriggan air magi
  4 ogre magi
  A spectral stone giant (Tar:5)
  13 centaur warriors
  An anaconda (shapeshifter) (Depths:1)
  2 radroaches
  3 stokers
  8 boulder beetles
  4 death knights
  14 death scarabs (Tomb:2)
  26 dancing weapons
  A satyr (Abyss:3)
  12 alligators
  2 deep troll shamans
  9 two-headed ogres
  9 tengu warriors
  11 demonic crawlers
  4 death yaks (Lair:5)
  4 spectral nagas
  6 spriggan berserkers
  8 vampire magi
  7 orc high priests
  5 deep troll earth magi
  A spectral dire elephant (Tar:5)
  33 hell hogs
  Nergalle (Lair:1)
  A titan zombie (D:15)
  30 hell knights
  7 crystal echidnas
  5 soul eaters
  A wretched star (Abyss:1)
  10 sun demons
  12 deep elf knights
  3 sun moths
  A sixfirhy (Abyss:1)
  2 shadow wraiths
  An iron giant zombie (Crypt:2)
  6 pharaoh ants
  A golden dragon zombie (Crypt:3)
  6 iron trolls
  A spectral anaconda (Tar:5)
  2 spriggan druids
  A bunyip zombie (Crypt:3)
  41 skeletal warriors
  4 glowing orange brains
  43 deep trolls
  A spectral hydra (Tar:5)
  8 goliath frogs
  9 orb spiders
  7 flayed ghosts
  An anaconda zombie (Crypt:3)
  13 bog bodies
  2 bunyip skeletons (Hell)
  11 swamp dragons
  11 deep elf archers
  13 ironbound convokers
  25 phantasmal warriors
  7 lindwurms
  9 orc knights
  14 necromancers
  4 orange crystal statues
  An anaconda skeleton (Crypt:2)
  4 steelbarb worms
  A golden dragon skeleton (D:15)
  A mana viper (shapeshifter) (Elf:1)
  2 steelbarb worms (shapeshifter)
  36 deep elf zephyrmancers
  A shadow dragon zombie (D:15)
  7 wizards
  A shadow dragon skeleton (Tomb:3)
  5 orc sorcerers
  30 deep elf pyromancers
  9 cyclopes
  5 will-o-the-wisps
  A wolf spider (shapeshifter) (Vaults:5)
  18 wolf spiders
  3 manticores
  An iron dragon skeleton (Hell)
  7 worldbinders
  A salamander (shapeshifter) (Abyss:3)
  A spectral centaur (Tar:1)
  3 spectral ettins
  3 moths of wrath
  A moth of wrath (shapeshifter) (D:13)
  A spectral alligator snapping turtle (Tar:1)
  A centaur zombie (Crypt:3)
  43 ugly things
  2 oklob plants (Spider:2)
  30 elephants
  An elephant (shapeshifter) (D:12)
  2 ice statues (IceCv)
  4 orange demons
  2 water nymphs (Abyss:3)
  6 black mambas
  15 cane toads
  11 molten gargoyles (Geh:7)
  12 vault sentinels
  2 naga zombies (Crypt:3)
  2 smoke demons
  Psyche (D:8)
  2 unseen horrors (shapeshifter)
  6 gargoyles
  27 yaktaurs
  9 torpor snails
  13 hellions
  4 kobold demonologists
  5 spriggan zombies
  13 tormentors
  2 sea snake zombies (Hell)
  33 guardian mummies
  4 freezing wraiths
  An efreet (D:15)
  An alligator snapping turtle skeleton (Crypt:1)
  A rime drake (shapeshifter) (D:15)
  An unseen horror (D:13)
  13 ice devils
  6 rime drakes
  6 komodo dragons
  4 tengu conjurers
  4 harpy zombies
  A red draconian skeleton (Crypt:2)
  5 spectral harpies
  7 starcursed masses
  7 trolls
  4 meliai
  An ancient zyme (Abyss:1)
  2 silent spectres (Tar:5)
  4 polar bears
  2 hellwings
  A tyrant leech (Swamp:3)
  A wind drake (shapeshifter) (Elf:2)
  14 hornets
  5 harpy skeletons
  A tarantella (shapeshifter) (Depths:3)
  2 spectral guardian serpents (Crypt:1)
  6 large abominations
  Prince Ribbit (D:9)
  A guardian serpent zombie (Crypt:1)
  20 tarantellas
  2 raiju
  A stone giant simulacrum (Tomb:3)
  14 blink frogs
  41 slime creatures
  26 jumping spiders
  17 spriggans
  6 water elementals
  A dire elephant simulacrum (IceCv)
  3 air elementals
  3 alligator skeletons (Volcano)
  A black mamba zombie (Tomb:3)
  36 flying skulls
  10 culicivoras
  17 wraiths
  A shadow (D:10)
  A fire dragon skeleton (Crypt:1)
  40 yaks
  An ushabti (Tomb:3)
  4 wyverns
  7 fire elementals
  2 vampires
  A chaos spawn (Abyss:3)
  16 vampire mosquitoes
  6 basilisks
  37 redbacks
  2 neqoxecs
  A death yak simulacrum (IceCv)
  A redback (shapeshifter) (Depths:3)
  2 wargs
  A harpy simulacrum (IceCv)
  2 elf skeletons
  9 swamp worms
  Edmund (D:4)
  15 water moccasins
  3 acid dragons
  A floating eye (shapeshifter) (Elf:3)
  3 hydra simulacra
  2 hell hounds (Spider:1)
  A merfolk skeleton (Crypt:1)
  An ogre skeleton (Vaults:1)
  A manticore zombie (Crypt:1)
  27 orc warriors
  2 sky beasts
  12 swamp drakes
  10 ogres
  4 ice beasts
  7 small abominations
  7 black bears
  28 wolves
  14 boggarts
  2 swamp dragon skeletons
  An orc skeleton (Vaults:1)
  5 phantoms
  9 centaurs
  A snapping turtle skeleton (Crypt:1)
  Blork the orc (D:6)
  15 bullfrogs
  5 kobold brigands
  2 spectral water moccasins (Lair:2)
  A gnoll sergeant (D:8)
  5 earth elementals
  15 necrophages
  A komodo dragon skeleton (Crypt:2)
  2 scorpions (D:5)
  2 cane toad simulacra (IceCv)
  A glowing shapeshifter simulacrum (Vaults:1)
  9 wights
  10 wyvern skeletons (Crypt:3)
  A warg skeleton (Crypt:1)
  A shapeshifter zombie (Crypt:2)
  An elephant simulacrum (IceCv)
  9 killer bees (D:8)
  2 howler monkeys
  A vampire bat (Lair:5)
  2 troll skeletons (Volcano)
  2 electric eels
  5 human zombies
  3 jellies
  A lava snake (Lair:4)
  A quasit (Abyss:1)
  3 hounds (D:5)
  2 gnoll boudas
  22 orc priests
  Crazy Yiuf (D:5)
  3 sleepcaps
  4 iguanas
  24 orc wizards
  2 spriggan simulacra (IceCv)
  5 troll simulacra (IceCv)
  3 wolf simulacra (IceCv)
  4 naga skeletons
  51 mummies
  10 gnolls
  10 adders
  A naga simulacrum (IceCv)
  3 shadow imps
  3 white imps (IceCv)
  6 ufetubi
  4 dart slugs
  77 orcs
  8 endoplasms
  4 giant cockroaches
  5 goblins
  9 hobgoblins
  4 jackals (D:3)
  4 quokkas
  10 ball pythons
  14 bats
  4 frilled lizards
  A gnoll skeleton (Crypt:1)
  A goblin zombie (Ossuary)
  6 hobgoblin zombies
  A jackal skeleton (Crypt:2)
  13 kobolds
  2 kobold zombies (Ossuary)
  7 rats
  A butterfly (D:9)
  7 creeping infernos
  25 fire vortices
  2 spectral weapons (Dis:7)
  2 starspawn tentacles (Abyss:1)
2783 creatures vanquished.

Vanquished Creatures (others)
  A fire giant (Geh:1)
  A deep elf archer (Elf:2)
  An orb spider (Spider:4)
  A deep elf pyromancer (Elf:1)
  3 deep elf zephyrmancers
  An ugly thing (D:15)
  A bloated husk (Swamp:3)
  An alligator zombie (Hell)
  An orc priest (Orc:2)
  2 orcs (Orc:2)
  A creeping inferno (Geh:1)
  3 fire vortices
  18 foxfires
  103 spectral weapons
  4 starspawn tentacles (Abyss:1)
142 creatures vanquished.

Grand Total: 2925 creatures vanquished

Notes
Turn   | Place    | Note
-------+----------+-------------------------------------------
     0 | D:1      | Shard1697 the Armataur Fighter began the quest for the Orb.
     0 | D:1      | Reached XP level 1. HP: 19/19 MP: 1/1
   342 | D:1      | Reached XP level 2. HP: 26/26 MP: 2/2
   782 | D:2      | Reached XP level 3. HP: 10/32 MP: 3/3
  1113 | D:2      | Identified the +4 whip of Amnom {drain, rPois rF+ Str+3}
  1443 | D:3      | Found a glowing golden altar of the Shining One.
  1469 | D:3      | Found a hazy altar of Hepliaklqana.
  1509 | D:3      | Reached XP level 4. HP: 30/39 MP: 4/4
  1546 | D:3      | Noticed a phantom
  1564 | D:3      | Killed a phantom
  1565 | D:3      | Reached XP level 5. HP: 27/44 MP: 5/5
  1641 | D:3      | Found a faded altar of an unknown god.
  1679 | D:3      | Reached skill level 5 in Maces & Flails
  1960 | D:3      | Noticed an ogre
  1966 | D:3      | Killed an ogre
  2092 | D:3      | Reached XP level 6. HP: 54/54 MP: 6/6
  2363 | D:4      | Found a bloodstained altar of Trog.
  2439 | D:4      | Reached XP level 7. HP: 64/64 MP: 7/7
  2502 | D:4      | Found a snail-covered altar of Cheibriados.
  3042 | D:5      | Entered Level 5 of the Dungeon
  3043 | D:5      | Noticed Edmund
  3056 | D:4      | Killed Edmund
  3057 | D:4      | Reached skill level 5 in Fighting
  3330 | D:5      | Reached XP level 8. HP: 38/73 MP: 8/8
  3768 | D:5      | Found a runed translucent door.
  3769 | D:5      | Noticed Crazy Yiuf
  3915 | D:5      | Killed Crazy Yiuf
  4611 | D:6      | Noticed Blork the orc
  4638 | D:6      | Killed Blork the orc
  4693 | D:6      | Found a glowing silver altar of Zin.
  4720 | D:6      | Found an ornate altar of the Wu Jian Council.
  4743 | D:6      | Found a sand-covered staircase.
  4749 | Ossuary  | Entered an ossuary
  5005 | Ossuary  | Reached XP level 9. HP: 84/84 MP: 9/9
  5225 | D:6      | Found an iron altar of Okawaru.
  5233 | D:6      | Became a worshipper of Warmaster Okawaru
  5273 | D:6      | Found a hide-covered altar of Uskayaw.
  5382 | D:6      | Reached skill level 1 in Invocations
  6186 | D:7      | Reached * piety under Okawaru
  6779 | D:7      | Found a staircase to the Ecumenical Temple.
  7176 | D:8      | Reached ** piety under Okawaru
  7257 | D:8      | Reached XP level 10. HP: 67/96 MP: 13/13
  7364 | D:8      | Got the Catalogue of Destructive Unhallowed Ceremonies
  7663 | D:8      | Reached *** piety under Okawaru
  7664 | D:8      | Reached skill level 10 in Maces & Flails
  7888 | D:8      | Noticed Psyche
  7898 | Abyss:1  | Found a corrupted altar of Lugonu.
  7898 | Abyss:1  | Cast into level 1 of the Abyss (Psyche)
  7912 | Abyss:1  | Found a corrupted altar of Lugonu.
  7928 | Abyss:1  | Noticed a tentacled starspawn
  7961 | Abyss:1  | Noticed an orange demon
  7962 | Abyss:1  | Noticed an orange demon
  7963 | Abyss:1  | Noticed a cacodemon
  8001 | Abyss:1  | Killed a cacodemon
  8002 | Abyss:1  | Reached skill level 5 in Invocations
  8007 | Abyss:1  | Killed an orange demon
  8007 | Abyss:1  | Reached **** piety under Okawaru
  8010 | Abyss:1  | Killed an orange demon
  8021 | Abyss:1  | Noticed a green death
  8021 | Abyss:1  | Noticed a profane servitor
  8023 | Abyss:1  | Noticed a large abomination
  8026 | D:8      | Escaped the Abyss
  8032 | D:8      | Killed Psyche
  8033 | D:8      | Reached skill level 10 in Fighting
  8754 | D:8      | Found a broken altar of Ashenzari.
  8763 | D:8      | Found a white marble altar of Elyvilon.
  8841 | D:8      | Found a sparkling altar of Nemelex Xobeh.
  9107 | D:9      | Reached XP level 11. HP: 105/105 MP: 15/15
  9138 | D:9      | Identified the ring of Wall {rPois Str+5 Dex+2 SInv}
  9312 | D:9      | Found a shimmering altar of Xom.
  9322 | D:9      | Noticed Prince Ribbit
  9323 | D:9      | Reached ***** piety under Okawaru
  9357 | D:9      | Killed Prince Ribbit
  9558 | D:9      | Found a shadowy altar of Dithmenos.
  9732 | D:10     | Entered Level 10 of the Dungeon
  9876 | D:10     | Found a shimmering blue altar of Sif Muna.
 10021 | D:10     | Found a radiant altar of Vehumet.
 10062 | D:10     | Reached skill level 5 in Armour
 10187 | D:10     | Found a runed translucent door.
 10191 | D:10     | Found a basalt altar of Yredelemnul.
 10637 | D:11     | Noticed a boulder beetle
 10662 | D:11     | Killed a boulder beetle
 10662 | D:11     | Identified the +11 hand crossbow of Ukheha {penet, rC-
                  | Str+3 Dex+3} (Okawaru gifted it to you on level 11 of the
                  | Dungeon)
 10662 | D:11     | Received a gift from Okawaru
 10711 | D:11     | Found a staircase to the Lair.
 10726 | D:11     | Found Sithiexou's Assorted Antiques.
 10733 | D:11     | Bought a potion of curing for 81 gold pieces
 10733 | D:11     | Bought a scroll of identify for 54 gold pieces
 11106 | D:11     | Noticed a two-headed ogre
 11111 | D:11     | Killed a two-headed ogre
 11266 | D:11     | Found Wexiv's Distillery.
 11274 | D:11     | Bought a potion of brilliance for 40 gold pieces
 11274 | D:11     | Bought a potion of degeneration for 10 gold pieces
 11274 | D:11     | Bought a potion of might for 40 gold pieces
 11274 | D:11     | Bought a potion of curing for 30 gold pieces
 11274 | D:11     | Bought a potion of invisibility for 80 gold pieces
 11438 | D:11     | Noticed a boulder beetle
 11450 | D:11     | Killed a boulder beetle
 11450 | D:11     | Identified the +5 scale mail of Relativism {Stlth+}
                  | (Okawaru gifted it to you on level 11 of the Dungeon)
 11450 | D:11     | Received a gift from Okawaru
 11605 | Lair:1   | Entered Level 1 of the Lair of Beasts
 12060 | Lair:1   | Found a transporter.
 12140 | Lair:1   | Found a transporter.
 12197 | Lair:1   | Identified the -1 helmet of a bazaar {rElec}
 12441 | Lair:1   | Noticed Nergalle
 12451 | Lair:1   | Killed Nergalle
 12452 | Lair:1   | Reached XP level 12. HP: 92/113 MP: 14/17
 13337 | Lair:2   | Identified the +0 robe of Autotheism {rElec Will++ Str+2
                  | Int-5} (Okawaru gifted it to you on level 2 of the Lair of
                  | Beasts)
 13337 | Lair:2   | Received a gift from Okawaru
 13583 | Lair:2   | Reached skill level 10 in Armour
 13800 | Lair:2   | Found a staircase to the Swamp.
 13800 | Lair:2   | Noticed a ghost crab
 13800 | Lair:2   | Noticed a ghost crab
 13814 | Lair:2   | Killed a ghost crab
 13815 | Lair:2   | Reached skill level 1 in Dodging
 13822 | Lair:2   | Killed a ghost crab
 14302 | Lair:3   | Noticed a six-headed hydra
 14307 | Lair:3   | Killed a six-headed hydra
 14340 | Lair:3   | Found a dark tunnel.
 14346 | Volcano  | Entered a volcano
 14408 | Volcano  | Reached skill level 1 in Evocations
 14609 | Volcano  | Received a gift from Okawaru
 14610 | Volcano  | Reached XP level 13. HP: 51/120 MP: 19/19
 15501 | Lair:3   | Found a hole to the Spider Nest.
 15615 | Lair:3   | Reached skill level 5 in Dodging
 15615 | Lair:3   | Reached XP level 14. HP: 129/129 MP: 20/20
 15615 | Lair:3   | Reached XP level 15. HP: 134/134 MP: 21/21
 15616 | Lair:3   | Reached skill level 15 in Maces & Flails
 15616 | Lair:3   | Reached XP level 16. HP: 143/143 MP: 22/22
 15616 | Lair:3   | Reached XP level 17. HP: 149/149 MP: 23/23
 16457 | Lair:4   | Found a frozen archway.
 16470 | IceCv    | Entered an ice cave
 16687 | IceCv    | Identified the +1 kite shield "Daofit" {rF+ rN+ Str+3}
                  | (Okawaru gifted it to you in an ice cave)
 16687 | IceCv    | Received a gift from Okawaru
 17272 | Lair:4   | Reached skill level 5 in Shields
 17301 | Lair:4   | You fall into a shaft and drop 1 floor!
 17301 | Lair:5   | Entered Level 5 of the Lair of Beasts
 18032 | Lair:5   | Identified the +8 longbow of Amunaev {speed, rPois Int+6
                  | Dex-2}
 18441 | Lair:5   | Found a staircase to the Slime Pits.
 18442 | Lair:5   | Found a viscous altar of Jiyva.
 18516 | Lair:5   | Identified the +4 sling of Dissolution {antimagic, rN+}
 18535 | Lair:5   | Reached skill level 10 in Shields
 18682 | Lair:5   | Identified the +9 quarterstaff of Lablucej {pain, rN+
                  | Will++ Dex-5 Stlth+}
 18937 | Lair:5   | Identified the +6 battleaxe of Wondrous Power {elec, rElec
                  | rF- rC+} (Okawaru gifted it to you on level 5 of the Lair
                  | of Beasts)
 18937 | Lair:5   | Received a gift from Okawaru
 19423 | D:12     | Found a transporter.
 19424 | D:12     | Found a transporter.
 19428 | D:12     | Found a transporter.
 19432 | D:12     | Found a transporter.
 19796 | D:12     | Reached XP level 18. HP: 132/159 MP: 24/24
 19946 | D:12     | Found a staircase to the Orcish Mines.
 20389 | Orc:1    | Entered Level 1 of the Orcish Mines
 20508 | Orc:1    | Found an ornate altar of the Wu Jian Council.
 20512 | Orc:1    | Found a transporter.
 20519 | Orc:1    | Found a transporter.
 20528 | Orc:1    | Found a transporter.
 20545 | Orc:1    | Found a transporter.
 20545 | Orc:1    | Found an ornate altar of the Wu Jian Council.
 21108 | Orc:2    | Entered Level 2 of the Orcish Mines
 21396 | Orc:2    | Reached ****** piety under Okawaru
 21462 | Orc:2    | Found Berchimu's Bounteous Boutique.
 21498 | Orc:2    | Reached skill level 10 in Evocations
 21513 | Orc:2    | Bought a potion of berserk rage for 80 gold pieces
 21513 | Orc:2    | Bought a scroll of blinking for 120 gold pieces
 21513 | Orc:2    | Bought a scroll of brand weapon for 152 gold pieces
 21526 | Orc:2    | Found Dycsun's Antique Armour Shop.
 21538 | Orc:2    | Bought a pair of ancient gloves for 237 gold pieces
 21538 | Orc:2    | Identified the +1 pair of gloves "Goed" {Regen+ Dex+3} (You
                  | bought it in a shop on level 2 of the Orcish Mines)
 21552 | Orc:2    | Found Zushry's Armour Shoppe.
 21559 | Orc:2    | Bought the -2 hat of the Alchemist {rElec rPois rF+ rC+ rN+
                  | Will+ rMut rCorr} for 755 gold pieces
 21559 | Orc:2    | Found the -2 hat of the Alchemist {rElec rPois rF+ rC+ rN+
                  | Will+ rMut rCorr}
 21663 | Orc:2    | Identified the +0 barding of the Old World {rCorr} (Okawaru
                  | gifted it to you on level 2 of the Orcish Mines)
 21663 | Orc:2    | Received a gift from Okawaru
 21834 | Orc:2    | Found Hicwadd's Antique Armour Boutique.
 21834 | Orc:2    | Found Ilapuk's Distillery.
 21852 | Orc:2    | Found Toemmoq's Antique Weapon Boutique.
 21852 | Orc:2    | Found Apejuss's General Store.
 21860 | Orc:2    | Bought a pitted eveningstar for 600 gold pieces
 21860 | Orc:2    | Identified the +7 eveningstar of the End {spect, rElec
                  | Will++ rCorr Dex-3} (You bought it in a shop on level 2 of
                  | the Orcish Mines)
 21865 | Orc:2    | Bought a potion of haste for 100 gold pieces
 22159 | Orc:2    | Found a staircase to the Elven Halls.
 22401 | D:13     | Found Wybimodgh's Magic Scroll Shoppe.
 22670 | D:13     | Found Uczifrid's Book Emporium.
 23043 | D:13     | Found a gate to the Vaults.
 23153 | D:13     | Noticed Frances
 23158 | D:13     | Killed Frances
 23452 | D:14     | Found a broken altar of Ashenzari.
 24117 | D:15     | Entered Level 15 of the Dungeon
 24170 | D:15     | Found a staircase to the Depths.
 24201 | D:15     | Received a gift from Okawaru
 24352 | D:15     | Reached skill level 10 in Invocations
 24538 | D:15     | Found a gate leading to a gauntlet.
 24658 | Gauntlet | Entered a Gauntlet
 24658 | Gauntlet | Found a transporter.
 24663 | Gauntlet | Found a transporter.
 24665 | Gauntlet | Found a transporter.
 24684 | Gauntlet | Found a transporter.
 24691 | Gauntlet | Found a transporter.
 24694 | Gauntlet | Found a transporter.
 24710 | Gauntlet | Found a transporter.
 24724 | Gauntlet | Found a transporter.
 24731 | Gauntlet | Found a transporter.
 24739 | Gauntlet | Found a transporter.
 24741 | Gauntlet | Found a transporter.
 24747 | Gauntlet | Found a transporter.
 24748 | Gauntlet | Found a transporter.
 24847 | Gauntlet | Found a transporter.
 24949 | Gauntlet | Identified the ring "Ynut" {rC+ rN+ Will+ Str+2}
 24964 | Gauntlet | Identified the +6 lajatang of Slimy True Grit {heavy, rElec
                  | rC++ Will+ Int-3}
 25048 | D:15     | Found a stormy altar of Qazlal.
 25146 | D:15     | Noticed Josephine
 25156 | D:15     | Killed Josephine
 25157 | D:15     | Reached skill level 1 in Stealth
 25162 | D:15     | Reached XP level 19. HP: 107/171 MP: 26/26
 25574 | Swamp:1  | Entered Level 1 of the Swamp
 25707 | Swamp:1  | Received a gift from Okawaru
 25803 | Swamp:1  | Noticed Aizul
 25811 | Swamp:1  | Killed Aizul
 26096 | Swamp:2  | You are sucked into a shaft and drop 1 floor!
 26111 | Swamp:3  | Reached skill level 10 in Dodging
 26701 | Swamp:3  | Received a gift from Okawaru
 26865 | Swamp:4  | Entered Level 4 of the Swamp
 27080 | Swamp:4  | Received a gift from Okawaru
 27187 | Swamp:4  | Noticed the 27-headed Lernaean hydra
 27193 | Swamp:4  | Killed the 27-headed Lernaean hydra
 27200 | Swamp:4  | Got a decaying rune of Zot
 27310 | Swamp:4  | Identified the +0 falchion of Uqammi {speed, rC+ Int+2}
 27538 | Spider:1 | Entered Level 1 of the Spider Nest
 27548 | Spider:1 | Reached skill level 5 in Stealth
 27728 | Spider:1 | Noticed Azrael
 27730 | Spider:1 | Received a gift from Okawaru
 27730 | Spider:1 | Found the +7 great mace "Firestarter" {flame, immolate,
                  | rFlCloud rF++}
 27735 | Spider:1 | Killed Azrael
 27860 | Spider:1 | Noticed Agnes
 27869 | Spider:1 | Killed Agnes
 28287 | Spider:2 | Reached XP level 20. HP: 161/184 MP: 28/28
 28408 | Spider:2 | Reached skill level 15 in Shields
 28445 | Spider:2 | Received a gift from Okawaru
 29136 | Spider:3 | Paralysed by a jorogumo for 2 turns
 29333 | Spider:3 | Found a transporter.
 29336 | Spider:3 | Found a transporter.
 29503 | Spider:3 | Noticed Arachne
 29509 | Spider:3 | Killed Arachne
 29602 | Spider:3 | Received a gift from Okawaru
 29812 | Spider:4 | Entered Level 4 of the Spider Nest
 29812 | Spider:4 | Noticed Asterion
 29963 | Spider:3 | Killed Asterion
 30334 | Spider:4 | Found a runed translucent door.
 30335 | Spider:4 | Noticed ziggurnaut's ghost (adept DsTm)
 30369 | Spider:4 | Noticed Donald
 30376 | Spider:4 | Killed Donald
 30459 | Spider:4 | Received a gift from Okawaru
 30459 | Spider:4 | Found the +8 orange crystal plate armour {Archmagi, Int+3
                  | Clar}
 30840 | Spider:4 | Identified the +2 pair of boots of the Playwright {rF-
                  | Int+2 Dex+2}
 30855 | Spider:4 | Got a gossamer rune of Zot
 31224 | Elf:1    | Entered Level 1 of the Elven Halls
 31439 | Elf:1    | Paralysed by an air elemental for 1 turns
 31744 | Elf:1    | Paralysed by an air elemental for 1 turns
 31935 | Elf:1    | Reached skill level 1 in Spellcasting
 31962 | Elf:1    | Learned a level 2 spell: Blink
 31966 | Elf:1    | Learned a level 3 spell: Gell's Gravitas
 31969 | Elf:1    | Learned a level 2 spell: Lesser Beckoning
 31974 | Elf:1    | Learned a level 4 spell: Manifold Assault
 32017 | Elf:2    | Reached skill level 1 in Translocations
 32055 | Elf:2    | Identified the +3 barding of the Stag {rPois rCorr Int+6
                  | Dex-4} (Okawaru gifted it to you on level 2 of the Elven
                  | Halls)
 32055 | Elf:2    | Received a gift from Okawaru
 32084 | Elf:2    | Found a runed translucent gate.
 32084 | Elf:2    | Found a runed translucent gate.
 32084 | Elf:2    | Found a runed translucent gate.
 32142 | Elf:2    | Reached skill level 2 in Translocations
 32151 | Elf:2    | Reached XP level 21. HP: 194/194 MP: 29/29
 32239 | Elf:2    | Reached skill level 3 in Translocations
 32390 | Elf:2    | Reached skill level 5 in Spellcasting
 32414 | Elf:2    | Reached skill level 4 in Translocations
 32801 | Elf:2    | Reached skill level 5 in Translocations
 33011 | Elf:3    | Entered Level 3 of the Elven Halls
 33128 | Elf:3    | Reached skill level 6 in Translocations
 33332 | Elf:3    | Received a gift from Okawaru
 33608 | Elf:3    | Reached skill level 7 in Translocations
 33773 | Elf:3    | Identified the +1 glaive of Gozag's Righteous Fury {flame,
                  | Str+2 Int+3}
 33782 | Elf:3    | Received a gift from Okawaru
 33801 | Elf:3    | Reached skill level 8 in Translocations
 33822 | Elf:3    | Identified the +1 hat "Ogaynary" {rF+} (Okawaru gifted it
                  | to you on level 3 of the Elven Halls)
 33822 | Elf:3    | Received a gift from Okawaru
 33829 | Elf:3    | Reached skill level 10 in Spellcasting
 34015 | Elf:3    | Got the Vellum of the Blink Frog and Bringing Forth
 34048 | Elf:3    | Got the Dissertation on Transmutation
 34049 | Elf:3    | Identified the staff of the Forest {rN+ Dex+3 Necro}
 34073 | Elf:3    | Got the Papyrus of the Peccant Storm
 34508 | Elf:3    | Found Uhevyofy's General Store.
 34537 | Elf:3    | Bought a scroll of enchant armour for 112 gold pieces
 34864 | Vaults:1 | Entered Level 1 of the Vaults
 35075 | Vaults:1 | Reached skill level 9 in Translocations
 35102 | Vaults:1 | Found a runed translucent gate.
 35102 | Vaults:1 | Found a runed translucent gate.
 35103 | Vaults:1 | Found a runed translucent gate.
 35104 | Vaults:1 | Noticed Rinoumap's ghost (adept TrCK)
 35562 | Vaults:1 | Got the Octavo of the Coruscating Jinx
 35641 | Vaults:1 | Reached skill level 10 in Translocations
 35648 | Vaults:1 | Identified the +1 scale mail of Totuzer {rN+ Dex+3}
                  | (Okawaru gifted it to you on level 1 of the Vaults)
 35648 | Vaults:1 | Received a gift from Okawaru
 35651 | Vaults:1 | Reached XP level 22. HP: 133/203 MP: 13/37
 35886 | Vaults:1 | Found a portal to a secret trove of treasure.
 36291 | Vaults:1 | Reached skill level 11 in Translocations
 36294 | Vaults:1 | Killed Rinoumap's ghost
 36309 | Vaults:1 | Identified the -1 cloak of the Volcano {+Inv}
 36310 | Vaults:1 | Identified the amulet "Syopif" {Faith *Corrode Dex+7}
 36574 | Vaults:2 | Identified the +2 sling "Sopleufu" {flame, Int+3}
 36599 | Vaults:2 | Identified the +2 ring mail of Kinnaol {rN+ Will+}
 36696 | Vaults:2 | Reached skill level 12 in Translocations
 37259 | Vaults:2 | Reached skill level 13 in Translocations
 37552 | Vaults:3 | Received a gift from Okawaru
 38337 | Vaults:3 | Reached skill level 15 in Fighting
 38348 | Vaults:3 | Found a staircase to the Crypt.
 38659 | Vaults:3 | Identified the +1 barding of Okawaru's Condemnation {Harm
                  | Drain rC+++ SInv} (Okawaru gifted it to you on level 3 of
                  | the Vaults)
 38659 | Vaults:3 | Received a gift from Okawaru
 38786 | Vaults:4 | Identified the +5 battleaxe of Friendship {spect, rN++
                  | Will+ Dex+6}
 39065 | Vaults:4 | Reached skill level 15 in Armour
 39226 | Vaults:4 | Identified the +5 orcbow "Eruoteg" {drain, rC+}
 39425 | Vaults:4 | Paralysed by a formless jellyfish for 1 turns
 39516 | Vaults:4 | Noticed Zenata
 39529 | Vaults:4 | Noticed Saint Roka
 39713 | Vaults:4 | Killed Saint Roka
 39713 | Vaults:4 | Received a gift from Okawaru
 39726 | Vaults:4 | Killed Zenata
 39727 | Vaults:4 | Reached XP level 23. HP: 137/215 MP: 9/38
 40189 | Vaults:5 | Entered Level 5 of the Vaults
 40564 | Vaults:5 | Identified the +0 barding "Judi" {Str+4} (Okawaru gifted it
                  | to you on level 5 of the Vaults)
 40564 | Vaults:5 | Received a gift from Okawaru
 40690 | Vaults:5 | Noticed Margery
 40711 | Vaults:5 | Killed Margery
 40886 | Vaults:5 | Got a silver rune of Zot
 40968 | Vaults:5 | Identified the +3 ring mail of Tetok {-Tele Rampage rCorr
                  | Stlth+}
 41274 | Vaults:5 | Identified the +7 tower shield of Mumblety Peg {rElec
                  | Str+3} (Okawaru gifted it to you on level 5 of the Vaults)
 41274 | Vaults:5 | Received a gift from Okawaru
 41281 | Vaults:5 | Noticed a caustic shrike
 41397 | Vaults:5 | Found Ugrag's Jewellery Shop.
 42191 | Vaults:5 | Learned a level 6 spell: Dispersal
 42502 | Crypt:1  | Entered Level 1 of the Crypt
 42618 | Crypt:1  | Noticed Jory
 42625 | Crypt:1  | Killed Jory
 42631 | Crypt:1  | Noticed Mennas
 42645 | Crypt:1  | Reached skill level 14 in Translocations
 42663 | Crypt:1  | Killed Mennas
 42664 | Crypt:1  | Reached XP level 24. HP: 178/228 MP: 38/38
 43157 | Crypt:2  | Received a gift from Okawaru
 43279 | Crypt:2  | Reached skill level 15 in Translocations
 43938 | Crypt:3  | Entered Level 3 of the Crypt
 43986 | Crypt:3  | Reached skill level 16 in Translocations
 44098 | Crypt:3  | Identified the scarf of Itucymev {+Inv, Rampage rN+++ Str-4
                  | Slay+2} (Okawaru gifted it to you on level 3 of the Crypt)
 44098 | Crypt:3  | Received a gift from Okawaru
 44373 | Crypt:3  | Learned a level 8 spell: Disjunction
 44409 | Crypt:3  | Found a basalt altar of Yredelemnul.
 44686 | Crypt:3  | Reached skill level 17 in Translocations
 44759 | Crypt:3  | Found the +9 sword of Zonguldrok {reap}
 45217 | Crypt:3  | Found a staircase to the Tomb.
 45708 | Depths:1 | Entered Level 1 of the Depths
 45739 | Depths:1 | Reached skill level 18 in Translocations
 46068 | Vaults:1 | You paid a toll of a +5 demon whip to enter a treasure
                  | trove
 46069 | Trove    | Entered a treasure trove
 46074 | Trove    | Found the +2 hood of the Assassin {Detect Stab+ Stlth++}
 46093 | Trove    | Identified the amulet of Sif Muna's Fury {Reflect Will+
                  | Regen+ SH+5}
 46099 | Trove    | Identified the +2 pair of gloves of Follow the Leader
                  | {Stlth+}
 46126 | Trove    | Identified the +2 hat "Mokojeba" {Str+7 Int-4}
 46344 | Depths:1 | Found a gateway to Hell.
 46753 | Depths:1 | Found Filinidote's Distillery.
 46759 | Depths:1 | Bought a potion of mutation for 128 gold pieces
 46759 | Depths:1 | Bought a potion of resistance for 160 gold pieces
 46759 | Depths:1 | Bought a potion of heal wounds for 80 gold pieces
 46759 | Depths:1 | Bought a potion of curing for 48 gold pieces
 46759 | Depths:1 | Bought a potion of curing for 48 gold pieces
 46988 | Depths:1 | Found a one-way gate to the infinite horrors of the Abyss.
 47253 | Depths:2 | Found Julon's Book Shoppe.
 47256 | Depths:2 | Bought a book of Cantrips for 204 gold pieces
 47258 | Depths:2 | Learned a level 1 spell: Apportation
 47385 | Depths:2 | Reached skill level 10 in Stealth
 47403 | Depths:2 | Found a one-way gate leading to the halls of Pandemonium.
 47502 | Depths:2 | Noticed a juggernaut
 47507 | Depths:2 | Identified the +4 rapier of Attainder {freeze, Stlth+}
 47514 | Depths:2 | Killed a juggernaut
 47518 | Depths:2 | Noticed a juggernaut
 47527 | Depths:2 | Reached XP level 25. HP: 178/237 MP: 6/38
 47536 | Depths:2 | Killed a juggernaut
 48226 | Depths:2 | Found an ancient bone altar of Kikubaaqudgha.
 48375 | Depths:1 | Identified the +1 quarterstaff "Howenuf" {freeze, *Slow
                  | Will+ MP+9 Dex+10}
 48453 | Depths:3 | Found a one-way gateway to a ziggurat.
 48621 | Depths:3 | Reached skill level 19 in Translocations
 48775 | Depths:3 | Noticed a juggernaut
 48782 | Depths:3 | Killed a juggernaut
 48856 | Depths:3 | Got the Codex of Anthracomancy and Spelunking
 48915 | Depths:3 | Identified the +1 short sword of Offence {venom, Int+3}
 48972 | Depths:3 | Identified the +2 pair of boots "Jetigh" {Dex+4}
 49156 | Depths:3 | Received a gift from Okawaru
 49250 | Depths:3 | Found a runed translucent door.
 49252 | Depths:3 | Noticed Futuid's ghost (veteran MfSu)
 49267 | Depths:3 | Killed Futuid's ghost
 49490 | Depths:3 | Voluntarily entered the Abyss.
 49650 | Abyss:1  | Found a corrupted altar of Lugonu.
 49657 | Abyss:1  | Found a corrupted altar of Lugonu.
 49731 | Abyss:2  | Found a corrupted altar of Lugonu.
 49797 | Abyss:3  | Found a basalt altar of Yredelemnul.
 49933 | Abyss:3  | Gained mutation: You occasionally shout uncontrollably at
                  | your foes. [a neqoxec]
 49992 | Abyss:3  | Got an abyssal rune of Zot
 49997 | Abyss:3  | Gained mutation: You sometimes lose your temper in combat.
                  | [a neqoxec]
 50002 | Depths:3 | Escaped the Abyss
 50006 | Depths:3 | Noticed Louise
 50013 | Depths:3 | Killed Louise
 50256 | Depths:3 | Reached XP level 26. HP: 225/250 MP: 38/38
 50969 | Tomb:1   | Entered Level 1 of the Tomb of the Ancients
 51087 | Tomb:1   | Noticed a royal mummy
 51087 | Tomb:1   | Noticed a royal mummy
 51087 | Tomb:1   | Noticed a royal mummy
 51087 | Tomb:1   | Noticed a royal mummy
 51552 | Tomb:1   | Reached skill level 20 in Translocations
 51570 | Tomb:1   | Noticed a royal mummy
 51580 | Tomb:1   | Killed a royal mummy
 51817 | Tomb:1   | Received a gift from Okawaru
 51834 | Tomb:1   | Noticed a royal mummy
 51841 | Tomb:1   | Killed a royal mummy
 52266 | Tomb:2   | Noticed Khufu
 52266 | Tomb:2   | Noticed a royal mummy
 52266 | Tomb:2   | Noticed a royal mummy
 52267 | Tomb:2   | Noticed a royal mummy
 52267 | Tomb:2   | Noticed a royal mummy
 52267 | Tomb:2   | Noticed a royal mummy
 52308 | Tomb:2   | Killed Khufu
 52334 | Tomb:2   | Killed a royal mummy
 52428 | Tomb:2   | Noticed a royal mummy
 52524 | Tomb:3   | Entered Level 3 of the Tomb of the Ancients
 52653 | Tomb:3   | Received a gift from Okawaru
 52669 | Tomb:3   | Noticed a royal mummy
 52673 | Tomb:3   | Noticed a royal mummy
 52675 | Tomb:3   | Noticed a royal mummy
 52678 | Tomb:3   | Killed a royal mummy
 52800 | Tomb:3   | Killed a royal mummy
 52803 | Tomb:3   | Noticed a royal mummy
 52812 | Tomb:3   | Noticed a royal mummy
 52812 | Tomb:3   | Noticed a royal mummy
 52818 | Tomb:3   | Killed a royal mummy
 52824 | Tomb:3   | Noticed a royal mummy
 52858 | Tomb:3   | Killed a royal mummy
 53042 | Tomb:3   | Killed a royal mummy
 53046 | Tomb:3   | Killed a royal mummy
 53145 | Tomb:3   | Identified the +6 plate armour "Kysaopt" {Dex+3}
 53192 | Tomb:3   | Identified the staff of Cataclysm {rPois Str+5 Poison}
 53211 | Tomb:3   | Identified the ring "Abbece" {MP+9 AC+4}
 53214 | Tomb:3   | Got Petefit's Spellbook of the Transforming Plateau
 53216 | Tomb:3   | Identified the ring "Woenil" {rElec rF+ AC+4 Dex-3 SInv}
 53240 | Tomb:3   | Noticed a royal mummy
 53250 | Tomb:3   | Killed a royal mummy
 53254 | Tomb:3   | Killed a royal mummy
 53283 | Tomb:3   | Identified the staff "Meqoluach" {rPois rF+ rCorr Dex-2
                  | Stlth+ Poison}
 53514 | Tomb:3   | Identified the +3 spear "Ilesm" {freeze, Fragile Will+
                  | Dex+7}
 53516 | Tomb:3   | Identified the +4 battleaxe of Zouretelle {flame, rElec
                  | Dex+4 SInv}
 53521 | Tomb:3   | Identified the +2 glaive "Boicohai" {drain, Fragile Str+9
                  | Dex+2 Stlth-}
 53531 | Tomb:3   | Identified the +1 leather armour "Yxkuowitz" {Int+3}
 53578 | Tomb:3   | Got a golden rune of Zot
 54183 | Hell     | Entered the Vestibule of Hell
 54183 | Hell     | Noticed Geryon
 54244 | Hell     | Reached XP level 27. HP: 146/261 MP: 7/38
 54268 | Hell     | Killed Geryon
 54406 | Hell     | Reached skill level 21 in Translocations
 54498 | Hell     | Noticed Murray
 54772 | Orc:2    | Bought 3 curare-tipped darts for 36 gold pieces
 54976 | Depths:1 | Reached skill level 1 in Throwing
 54977 | Depths:1 | Killed Murray
 55366 | Hell     | Found a gateway to the Iron City of Dis.
 55479 | Dis:1    | Entered Level 1 of the Iron City of Dis
 55551 | Dis:1    | Reached skill level 5 in Throwing
 55835 | Dis:4    | Received a gift from Okawaru
 55911 | Dis:4    | Received a gift from Okawaru
 55980 | Dis:5    | You fall into a shaft and drop 1 floor!
 56295 | Dis:6    | Reached skill level 10 in Throwing
 56545 | Hell     | Received a gift from Okawaru
 56989 | Dis:6    | Received a gift from Okawaru
 56999 | Dis:7    | Entered Level 7 of the Iron City of Dis
 57395 | Dis:7    | Received a gift from Okawaru
 57956 | Dis:7    | HP: 1/265 [quicksilver elemental/bolt of dispelling energy
                  | (44)]
 58522 | Dis:7    | Reached skill level 22 in Translocations
 58751 | Dis:7    | Identified the +9 quarterstaff of the Lair of Beasts
                  | {spect, rF+ Int+6}
 58751 | Dis:7    | Noticed Dispater
 58765 | Dis:7    | Noticed a juggernaut
 58771 | Dis:7    | Killed Dispater
 58771 | Dis:7    | Received a gift from Okawaru
 58778 | Dis:7    | Killed a juggernaut
 58783 | Dis:7    | Found the orb of Dispater {+Damnation *Corrode AC+5}
 58812 | Dis:7    | Identified the +0 pair of boots of Day {Int+4}
 58814 | Dis:7    | Got an iron rune of Zot
 59078 | Hell     | Found a gateway to the ashen valley of Gehenna.
 59091 | Geh:1    | Entered Level 1 of Gehenna
 59096 | Geh:1    | Received a gift from Okawaru
 59328 | Geh:3    | Received a gift from Okawaru
 59350 | Hell     | HP: 6/247 [Brimstone Fiend/damnation (35)]
 60058 | Geh:5    | Reached skill level 23 in Translocations
 60060 | Geh:5    | You fall into a shaft and drop 1 floor!
 60065 | Geh:7    | Entered Level 7 of Gehenna
 60373 | Geh:7    | Noticed the Serpent of Hell
 60397 | Geh:7    | Killed the Serpent of Hell
 60548 | Geh:7    | Received a gift from Okawaru
 60562 | Geh:7    | HP: 12/266 [Brimstone Fiend/damnation (37)]
 60566 | Geh:7    | Reached skill level 24 in Translocations
 60948 | Geh:7    | Identified the amulet "Gyofay" {Harm rPois rF+ Regen+}
 61266 | Geh:7    | Found the +13 sceptre of Asmodeus
 61266 | Geh:7    | Noticed Asmodeus
 61289 | Geh:7    | Killed Asmodeus
 61316 | Geh:7    | Got an obsidian rune of Zot
 61385 | Geh:7    | Reached skill level 25 in Translocations
 61400 | Geh:7    | Received a gift from Okawaru
 61519 | Hell     | Found a gateway to the decaying netherworld of Tartarus.
 61529 | Tar:1    | Entered Level 1 of Tartarus
 61592 | Tar:1    | Received a gift from Okawaru
 62037 | Tar:3    | Reached skill level 26 in Translocations
 62594 | Tar:5    | Received a gift from Okawaru
 62799 | Tar:6    | Noticed a dread lich
 62799 | Tar:6    | Noticed a dread lich
 62799 | Tar:6    | Noticed an ancient lich
 62799 | Tar:6    | Noticed an ancient lich
 62812 | Tar:6    | Killed an ancient lich
 62824 | Tar:6    | Received a gift from Okawaru
 62843 | Tar:6    | Reached skill level 27 in Translocations
 62915 | Tar:6    | Killed a dread lich
 63273 | Tar:6    | Killed an ancient lich
 63328 | Tar:6    | Killed a dread lich
 63364 | Tar:7    | Entered Level 7 of Tartarus
 63390 | Tar:7    | Slain by a reaper

Illustrated notes

Levels and vault maps discovered:
D:1:      dpeg_arrival_short_road, layout_basic, nrook_campfire
D:2:      layout_basic
D:3:      layout_basic, lemuel_crystal_altar, overflow_temple_1_default,
          hellmonk_ecumenical_altar_arch_garden, minmay_snake_closets
D:4:      layout_loops_ring, kennysheep_slug_shrine, trog_ov_bears_minmay
D:5:      layout_gridville, uniq_crazy_yiuf_cottage, uniq_edmund
D:6:      layout_basic, lemuel_round_altar, overflow_temple_1_default,
          general_overflow_altar, okawaru_gym_becter,
          nicolae_ossuary_entry_plus, uniq_blork_the_orc
D:7:      minmay_skewed_foursquare, layout_basic, temple_green,
          nicolae_nh_ransacked_shop
D:8:      minmay_thinvault, layout_gridville, nemelex_diamond_rough_becter,
          amethyst_overflow_temple_binary, amcnicky_mini_rare_corridor_liquid,
          uniq_psyche
D:9:      minmay_weird_star, layout_basic,
          nicolae_dithmenos_through_a_glass_darkly, xom_butterflies,
          uniq_prince_ribbit1
D:10:     layout_basic, mainiacjoe_overflow_paths, vehumet_crystals,
          dk_yredelemnul_ordeal, hangedman_abyss_or_decor_lesser_grid
D:11:     layout_basic, dpeg_oklobed_lair, serial_shops, shop,
          nicolae_shop_industrial_runoff
D:12:     cheibrodos_fzero, layout_long_grid, orc_0_dummy, glass_columns_b,
          nicolae_transporter_circle
D:13:     layout_basic, erik_vaults_2, serial_glass, glass_columns_b,
          glass_columns_c, glass_columns_a, glass_columns_a, glass_columns_a,
          glass_columns_a, serial_shops, shop, nicolae_shop_hallway_stairs,
          uniq_frances
D:14:     layout_irregular_city, ashenzari_conservatory_becter
D:15:     gammafunk_depths_entry_grave, layout_long_grid,
          nicolae_qazlal_eye_of_the_storm, gauntlet_entry_generic,
          dispersion_dpeg, uniq_josephine
Lair:1:   gammafunk_worm_tunnel, layout_hall_layers, uniq_nergalle
Lair:2:   layout_small_grid, nicolae_swamp_entry_spooky, beast_lair_carwin_7
Lair:3:   layout_loops_ring, spider_nest_entry_web_field, enter_volcano_1
Lair:4:   layout_gridlike, portal_ice_cave_rime, dreamdust_gnoll_shepherd,
          grunt_megastairs_2
Lair:5:   minmay_lair_end_enchanted_forest, layout_misc_corridors,
          nicolae_slime_entry_slimehenge, roderic_batcave, ldierk_geyser
Swamp:1:  layout_falls_marsh, evilmike_swamp_ruin_rubble_2, uniq_aizul
Swamp:2:  layout_basic_swamp, nicolae_swamp_round_clearing
Swamp:3:  layout_basic_swamp, evilmike_swamp_ruin_rubble_1, swamp_pool5,
          hangedman_swamp_double_dragon
Swamp:4:  grunt_swamp_rune_castle, layout_basic_swamp, infiniplex_staircase_pool
Spider:1: layout_spider_delve, uniq_azrael, uniq_agnes
Spider:2: spider_temple_joshua, nicolae_spider_jagged_tunnels
Spider:3: gammafunk_boulding_lane, hangedman_spider_tarantella_strand,
          uniq_arachne
Spider:4: grunt_spider_rune_island, hellmonk_ghost_happy_afterlife,
          uniq_asterion, uniq_donald
Orc:1:    dreamdust_wu_jian_sword_trials, layout_caves,
          hellmonk_bongcloud_opening
Orc:2:    grunt_orc_tribal_feast, layout_caves, serial_shops,
          nicolae_shop_stone, shop, basic_altar, nicolae_alphabet_shops
Elf:1:    nicolae_elf_arrival_no_cutting_in_line, layout_geoelf_octagon,
          minmay_elf_crystal_heptagon
Elf:2:    elven_hall_of_blades_hangedman_original [nicolae_blade_tridents],
          layout_geoelf_grid, hangedman_research_convocations
Elf:3:    minmay_elf_hall_not_hex, layout_gridlike, serial_shops,
          nicolae_shop_peninsula, hangedman_elf_represent
Vaults:1: gammafunk_ghost_tricky_traps, nicolae_vaults_little_squares_3,
          grunt_vaults_swirl, nicolae_vaults_whirlpool_walls,
          nicolae_vaults_asterisk, vaults_room_hallway, layout_vaults_quadrants,
          nicolae_trove_entry_crossroad
Vaults:2: v_misc_10, st_cross, vaults_standard_mumra_lines,
          nicolae_vaults_stepped_doors, grunt_vaults_bifocal, v_misc_13,
          vaults_dpeg_cross, ontoclasm_vaults_gateway,
          nicolae_vaults_network_quinsquares
          [nicolae_vaults_network_quincunx_subvault,
          nicolae_vaults_network_quincunx_subvault,
          nicolae_vaults_network_quincunx_subvault,
          nicolae_vaults_network_quincunx_subvault],
          nicolae_vaults_little_squares_2, nicolae_vaults_mitosis,
          nicolae_vaults_house_3, nicolae_vaults_little_squares_1, v_pattern_1,
          layout_vaults_omnibox
Vaults:3: grunt_vaults_funnel, nicolae_vaults_shock_wave, vaults_dpeg_spiral,
          minmay_crypt_entry_simple_walls, vaults_room_boxed,
          nicolae_vaults_cochlea, nicolae_vaults_oval_intersection,
          nicolae_vaults_more_shelving_1, v_misc_31, v_misc_19,
          vaults_room_pools, layout_vaults_big_room
Vaults:4: vaults_mumra_hexcomb, nicolae_vaults_big_ls,
          nicolae_vaults_trapezoid_3, nicolae_vaults_inception_corners,
          nicolae_vaults_storage_closets_1, v_alt_pattern_6,
          vaults_room_hallway, vaults_room_large_hall, vaults_dpeg_encased_lava,
          nicolae_vaults_little_squares_2, hangedman_vaults_stagger,
          grunt_vaults_hallway_short, layout_vaults_maze_snakey,
          uniq_saint_roka, uniq_zenata
Vaults:5: serial_shops, uniq_margery
Crypt:1:  layout_rooms, nrook_guardian_serpent_ordinary, uniq_mennas, uniq_jory
Crypt:2:  layout_regular_city, fountainhead, lemuel_elevator
Crypt:3:  evilmike_haunted_forest
Tomb:1
Tomb:2:   uniq_khufu
Tomb:3
Depths:1: layout_cave_shapes, serial_shops, kennysheep_little_box,
          abyss_entry_small_statue_room, minmay_holes,
          pf_vacation_house_of_asmodeus, grunt_ministairs_4,
          minmay_splitting_lines, kennysheep_generic_room_9, grunt_megastairs_3,
          firewood_loft
Depths:2: minmay_crescents, layout_twisted_cross, serial_shops,
          nicolae_shop_real_fake_doors, hell_entry, kiku_gazebo_garden_becter,
          rand_demon_pan_entry_4, marbit_kobold_abyss_entry
Depths:3: minmay_broken_ring, layout_honeycomb, enter_ziggurat_b,
          ebering_ghost_inner_flame, infiniplex_staircase_pool_2,
          nicolae_abyss_entry_one_way_or_another, hell_entry,
          nicolae_rejected_hall
Hell
Dis:1:    layout_jigsaw
Dis:2:    layout_subdivisions, hangedman_dis_decor_tower, minmay_strange_pillars
Dis:3:    layout_subdivisions
Dis:4:    layout_jigsaw, nicolae_dis_strange_trophy_room
Dis:5:    layout_subdivisions, nicolae_hells_fiendish_ambush
Dis:6:    layout_jigsaw
Dis:7:    dis_st
Geh:1:    layout_gehenna_pools_triple
Geh:2:    layout_gehenna_lava_caves
Geh:3:    layout_gehenna_pools_box, nicolae_geh_gnashing_of_teeth
Geh:4:    layout_gehenna_pools_basic
Geh:5:    layout_gehenna_pools_basic, nicolae_geh_fiery_graves
          [nicolae_geh_single_fiery_grave, nicolae_geh_single_fiery_grave,
          nicolae_geh_single_fiery_grave, nicolae_geh_single_fiery_grave,
          nicolae_geh_single_fiery_grave, nicolae_geh_single_fiery_grave,
          nicolae_geh_single_fiery_grave, nicolae_geh_single_fiery_grave,
          nicolae_geh_single_fiery_grave], nicolae_geh_lavax
Geh:6:    layout_gehenna_pools_basic
Geh:7:    geh_hangedman
Tar:1:    layout_grid_maze
Tar:2:    layout_grid_maze, nicolae_tar_cuneiform_bread
Tar:3:    layout_honeycomb
Tar:4:    layout_honeycomb
Tar:5:    layout_grid_maze, nicolae_tar_just_some_guys
Tar:6:    layout_grid_maze, nicolae_tar_liches_on_tour
Tar:7:    tar_old

Skill      XL: |  1  2  3  4  5  6  7  8  9 10 11 12 13 14 15 16 17 18 19 20 21 22 23 24 25 26 27 |
---------------+----------------------------------------------------------------------------------+-----
Maces & Flails | 2 3 4 5 6 7 8 9 11 12 13 14 15 16 17 18 19 20 21 | 21.0
Fighting       | 3 4 5 7 8 10 12 13 14 15 17 18 19 21 | 21.1
Invocations    | 4 5 7 8 10 11 | 11.6
Armour         | 4 8 10 12 14 15 16 17 18 20 | 20.2
Dodging        | 2 5 7 9 10 | 10.4
Evocations     | 2 6 8 9 10 11 12 | 12.2
Shields        | 11 13 14 15 16 17 18 | 18.8
Stealth        | 1 5 8 11 12 | 12.7
Spellcasting   | 2 11 | 11.6
Translocations | 2 10 13 14 18 19 20 27 | 27.0
Throwing       | 10 | 10.1

Action                     |  1- 3 |  4- 6 |  7- 9 | 10-12 | 13-15 | 16-18 | 19-21 | 22-24 | 25-27 || total
---------------------------+-------+-------+-------+-------+-------+-------+-------+-------+-------++-------
  Melee: Flail             |   100 |       |       |       |       |       |       |       |       ||   100
         Tailslap          |    15 |    10 |    36 |    70 |    13 |   290 |   275 |   268 |   579 ||  1556
         Whip              |    30 |    85 |    59 |       |       |       |       |       |       ||   174
         Dire flail        |       |       |   260 |   506 |    93 |   177 |       |       |       ||  1036
         Demon whip        |       |       |       |       |       |   825 |       |       |       ||   825
         Eveningstar       |       |       |       |       |       |   319 |  1459 |  1627 |  3241 ||  6646
         War axe           |       |       |       |       |       |     8 |       |       |       ||     8
   Cast: Manifold Assault  |       |       |       |       |       |       |     6 |   142 |   408 ||   556
         Blink             |       |       |       |       |       |       |       |       |     3 ||     3
 Invoke: Heroism           |       |       |       |     6 |     1 |    11 |    10 |     9 |    29 ||    66
         Finesse           |       |       |       |       |       |     1 |     5 |     4 |    21 ||    31
  Evoke: Wand              |       |       |       |     1 |     3 |       |       |     1 |    31 ||    36
         Phial of floods   |       |       |       |       |       |       |       |       |     2 ||     2
    Use: Scroll            |       |     7 |     8 |    10 |     1 |     3 |     6 |     5 |    24 ||    64
         Potion            |       |       |     3 |    12 |     2 |       |     4 |     4 |    47 ||    72
   Stab: Paralysed         |       |       |       |     2 |       |       |       |       |       ||     2
         Distracted        |       |       |       |       |       |     3 |    16 |    17 |    19 ||    55
         Confused          |       |       |       |       |       |       |     1 |       |     1 ||     2
         Invisible         |       |       |       |       |       |       |       |       |     4 ||     4
 Armour: Scale mail        |    62 |    27 |    36 |   181 |    11 |       |       |       |       ||   317
         Acid dragon scale |       |       |    38 |       |       |       |       |       |       ||    38
         Chain mail        |       |       |    57 |   176 |       |    45 |       |       |       ||   278
         Plate armour      |       |       |       |       |    47 |    61 |       |       |       ||   108
         Crystal plate arm |       |       |       |       |       |   616 |  1063 |   614 |  1434 ||  3727
  Dodge: Dodged            |    46 |    22 |    86 |   164 |    19 |   208 |   301 |   157 |   379 ||  1382
  Block: Buckler           |    26 |    12 |     2 |       |       |       |       |       |       ||    40
         Kite shield       |       |       |       |       |       |   546 |   875 |   589 |  1979 ||  3989
         Reflection        |       |       |       |       |       |       |       |       |    32 ||    32

Table legend: (Time is in decaauts)
 A = Elapsed time spent in this place.
 B = Non-inter-level travel time spent in this place.
 C = Inter-level travel time spent in this place.
 D = Time resting spent in this place.
 E = Time spent auto-exploring this place.
 F = Levels seen in this place.
 G = Mean time per level.
                   A        B        C        D        E       F      G
               +--------+--------+--------+--------+--------+-----+--------+
         Total |  61092 |  56004 |   5088 |   8836 |  29929 |  78 |  783.2 |
       Dungeon |  16019 |  14388 |   1631 |   1618 |   9879 |  15 | 1067.9 |
          Lair |   6107 |   5672 |    435 |    556 |   3771 |   5 | 1221.4 |
         Swamp |   1816 |   1695 |    121 |    224 |    871 |   4 |  454.0 |
   Spider Nest |   3425 |   3297 |    128 |    503 |   1689 |   4 |  856.2 |
  Orcish Mines |   1926 |   1690 |    236 |    407 |    866 |   2 |  963.0 |
   Elven Halls |   3393 |   3223 |    170 |    349 |   1689 |   3 | 1131.0 |
        Vaults |   7929 |   7123 |    806 |    737 |   4656 |   5 | 1585.8 |
         Crypt |   3057 |   2681 |    376 |     92 |   1805 |   3 | 1019.0 |
          Tomb |   2707 |   2500 |    207 |    750 |    644 |   3 |  902.3 |
        Depths |   4401 |   4007 |    394 |    533 |   2436 |   3 | 1467.0 |
          Hell |    914 |    914 |      0 |    471 |     21 |   1 |  914.0 |
           Dis |   3104 |   2843 |    261 |   1158 |    166 |   7 |  443.4 |
       Gehenna |   2097 |   1960 |    137 |    554 |    431 |   7 |  299.6 |
      Tartarus |   1679 |   1499 |    180 |    406 |    553 |   7 |  239.9 |
         Abyss |    554 |    554 |      0 |      2 |      0 |   4 |  138.5 |
         Trove |     65 |     65 |      0 |      0 |      0 |   1 |   65.0 |
       Ossuary |    388 |    388 |      0 |     14 |    259 |   1 |  388.0 |
      Ice Cave |    520 |    520 |      0 |    249 |     40 |   1 |  520.0 |
       Volcano |    663 |    663 |      0 |    211 |    111 |   1 |  663.0 |
      Gauntlet |    322 |    322 |      0 |      0 |     42 |   1 |  322.0 |
               +--------+--------+--------+--------+--------+-----+--------+

Top non-repeatable levels by time:
   Dis:7: 1861 daAuts
Vaults:5: 1835 daAuts
Depths:1: 1779 daAuts
     D:8: 1728 daAuts
Vaults:4: 1717 daAuts
Vaults:1: 1700 daAuts
    D:13: 1541 daAuts
 Crypt:3: 1531 daAuts
Depths:3: 1523 daAuts
Vaults:3: 1509 daAuts
  Lair:2: 1415 daAuts
  Tomb:1: 1375 daAuts
  Lair:5: 1371 daAuts
   Elf:3: 1340 daAuts
     D:5: 1326 daAuts
